 Dungeon Crawl Stone Soup version 0.31-a0-155-gb63f529262 (webtiles) character file.

Game seed: 14426215070184290460

220 Ijustatesigmund the Stinger (level 5, 0/33 HPs)
             Began as an Octopode Venom Mage on June 12, 2023.
             Slain by a gnoll
             ... wielding a +0 halberd
              (17 damage)
             ... on level 3 of the Dungeon.
             The game lasted 00:05:02 (2291 turns).

Ijustatesigmund the Stinger (Octopode Venom Mage)   Turns: 2291, Time: 00:05:03

Health: 0/33       AC:  1    Str:  8    XL:     5   Next: 97%
Magic:  5/9        EV: 13    Int: 19    God:
Gold:   145        SH:  0    Dex: 12    Spells: 0/10 levels left

rFire   . . .        e - +1 quarterstaff
rCold   . . .        (shield currently unavailable)
rNeg    . . .        (helmet restricted)
rPois   .            (no amulet)
rElec   .            c - ring of willpower
rCorr   .            d - ring of flight
SInv    .            (no ring)
Will    +....        (no ring)
Stlth   +++          (no ring)
HPRegen 0.25/turn    (no ring)
MPRegen 0.11/turn    (no ring)
                     (no ring)

%: no passive effects
@: flying
A: almost no armour, amphibious, 8 rings, camouflage 1, gelatinous body 1,
(nimble swimmer 1), tentacles
a: no special abilities


You were on level 3 of the Dungeon.
You visited 1 branch of the dungeon, and saw 3 of its levels.

You collected 145 gold pieces.

Inventory:

Hand Weapons
 e - a +1 quarterstaff (weapon)
Jewellery
 c - a ring of willpower (left tentacle)
 d - a ring of flight (right tentacle)
 j - an amulet of regeneration
Potions
 a - a potion of magic
 b - a potion of enlightenment
 f - a potion of berserk rage
 h - 2 potions of lignification
 i - a potion of might
 l - a potion of curing
 m - a potion of haste {unknown}


   Skills:
 + Level 1.3 Fighting
 - Level 2.0 Staves
 - Level 2.0 Dodging
 - Level 2.6 Stealth
 + Level 3.2 Spellcasting
 + Level 0.4 Conjurations
 - Level 1.0 Transmutations
 + Level 2.2 Air Magic
 + Level 5.0 Poison Magic


You couldn't memorise any spells.
You knew the following spells:

 Your Spells              Type           Power      Damage    Failure   Level
a - Sting                 Tmut/Pois      56%        1d5       4%          1
b - Poisonous Vapours     Pois/Air       32%        N/A       4%          2
c - Mephitic Cloud        Conj/Pois/Air  12%        N/A       16%         3
d - Olgreb's Toxic Radia  Pois           22%        N/A       19%         4

Your spell library contained the following spells:

 Spells                   Type           Power      Damage    Failure   Level
 Ozocubu's Armour         Ice            3%         N/A       41%         3
 Ozocubu's Refrigeration  Ice            1%         4d7       100%        7


Dungeon Overview and Level Annotations

Branches:
Dungeon (3/15)

Altars:


Innate Abilities, Weirdness & Mutations

You cannot wear most types of armour.
You are amphibious.
You can wear up to eight rings at the same time.
Your skin changes colour to match your surroundings (Stealth+).
Your rubbery body absorbs attacks. (AC +1, EV +1)
((You are camouflaged when in or above water. (Stealth+)))
You have tentacles for arms and can constrict up to eight enemies at once.


Message History

No target in view!
No target in view!
No target in view!
g - a scroll labelled POPLUBB ISUR
As you read the scroll labelled POPLUBB ISUR, it crumbles to dust.
It is a scroll of enchant armour.
You aren't carrying any armour which can be enchanted further.
A gnoll comes into view. It is wielding a +0 flail.
Casting: Poisonous Vapours (safe; 4% risk of failure)
Confirm with . or Enter, or press ? or * to list all spells.
Aiming: Poisonous Vapours (safe; 4% risk of failure)
Press: ? - help, Dir - move target, f - gnoll
Aim: a gnoll, wielding a +0 flail (asleep) Poisonous vapours surround the gnoll!
The gnoll is poisoned.
The gnoll shouts!
You hear a shout!
A gnoll comes into view. It is wielding a +0 halberd.
You hear a shout!
Casting: Poisonous Vapours (safe; 4% risk of failure)
Confirm with . or Enter, or press ? or * to list all spells.
Aiming: Poisonous Vapours (safe; 4% risk of failure)
Press: ? - help, Dir - move target, f - gnoll, p - gnoll
Aim: a gnoll, wielding a +0 halberd Poisonous vapours surround the gnoll!
The gnoll is poisoned.
The gnoll misses you.
The gnoll hits you from afar with a +0 halberd.
You closely miss the gnoll. You grab the gnoll. You constrict the gnoll.
The gnoll barely misses you. The gnoll hits you with a +0 flail.
The gnoll hits you from afar with a +0 halberd.
The gnoll barely misses you.
You barely miss the gnoll.
The gnoll is moderately wounded.
You constrict the gnoll, but do no damage.
The gnoll barely misses you.
The gnoll hits you from afar with a +0 halberd.
You hit the gnoll but do no damage.
The gnoll is moderately wounded.
You constrict the gnoll.
The gnoll hits you from afar with a +0 halberd!
Ouch! That really hurt!
You die...

#####........#...#
#####..).....#.###
.............#.#
...............#
####
....############
...# ....####
###...# ......8#
##g#.#..# ###.#.(#
#g##†...# #.#)##
#@##....# ###.#.#
#.##.#.^# ..†.#.##
# ##.##...#
##..#.8# #.
#.#....# #..#..#
#.###.##...#
#..#.##
#.#.##.#..# #..#.#
#.###....# #..#.#
##.##....# #..#.8
##.#.#..#


You could see 2 gnolls.

Vanquished Creatures
  Sigmund (D:2)
  2 adders (D:3)
  2 worms
  2 dart slugs
  An orc (D:3)
  2 bats
  3 endoplasms
  2 giant cockroaches
  A goblin (D:2)
  3 hobgoblins
  2 kobolds
  A quokka (D:3)
  2 ball pythons (D:3)
  2 frilled lizards
  5 rats
31 creatures vanquished.

Notes
Turn   | Place    | Note
-------+----------+-------------------------------------------
     0 | D:1      | Ijustatesigmund the Octopode Venom Mage began the quest for
                  | the Orb.
     0 | D:1      | Reached XP level 1. HP: 11/11 MP: 3/3
   711 | D:2      | Reached XP level 2. HP: 11/18 MP: 1/5
   755 | D:2      | Learned a level 2 spell: Poisonous Vapours
   785 | D:2      | Reached skill level 1 in Fighting
  1024 | D:2      | Reached skill level 4 in Poison Magic
  1171 | D:2      | Noticed Sigmund
  1180 | D:2      | Killed Sigmund
  1181 | D:2      | Reached XP level 3. HP: 16/23 MP: 3/7
  1181 | D:2      | Reached XP level 4. HP: 20/28 MP: 3/8
  1181 | D:2      | Reached XP level 5. HP: 24/33 MP: 3/9
  1242 | D:2      | Learned a level 3 spell: Mephitic Cloud
  1247 | D:2      | Learned a level 4 spell: Olgreb's Toxic Radiance
  1907 | D:3      | Found a faded altar of an unknown god.
  2217 | D:3      | Reached skill level 5 in Poison Magic
  2291 | D:3      | Slain by a gnoll

Illustrated notes

Levels and vault maps discovered:
D:1:      scummos_arrival_checkerplants, layout_basic
D:2:      layout_basic, uniq_sigmund
D:3:      wad_river_or_something, layout_basic,
          dreamdust_ecumenical_altar_statues

Skill      XL: |  1  2  3  4  5 |
---------------+----------------+-----
Fighting       | 1 |  1.3
Poison Magic   | 4 5 |  5.0
Staves         | 2 |  2.0
Spellcasting   | 3 |  3.2
Air Magic      | 2 |  2.2
Dodging        | |  2.0
Stealth        | |  2.6
Conjurations   | |  0.4
Transmutations | |  1.0

Action                     |  1- 3 |  4- 6 || total
---------------------------+-------+-------++-------
  Melee: Quarterstaff      |    14 |    24 ||    38
         Unarmed           |     3 |       ||     3
         Constrict         |     3 |     6 ||     9
         Tentacles         |     2 |     5 ||     7
   Cast: Sting             |    11 |     1 ||    12
         Poisonous Vapours |     5 |    11 ||    16
    Use: Scroll            |     5 |     6 ||    11
         Potion            |     1 |       ||     1
   Stab: Sleeping          |     2 |     5 ||     7
 Armour: Skin              |     6 |     1 ||     7
  Dodge: Dodged            |    11 |    13 ||    24

Table legend: (Time is in decaauts)
 A = Elapsed time spent in this place.
 B = Non-inter-level travel time spent in this place.
 C = Inter-level travel time spent in this place.
 D = Time resting spent in this place.
 E = Time spent auto-exploring this place.
 F = Levels seen in this place.
 G = Mean time per level.
                   A        B        C        D        E       F      G
               +--------+--------+--------+--------+--------+-----+--------+
         Total |   2306 |   2299 |      7 |    361 |   1670 |   3 |  768.7 |
       Dungeon |   2306 |   2299 |      7 |    361 |   1670 |   3 |  768.7 |
               +--------+--------+--------+--------+--------+-----+--------+

Top non-repeatable levels by time:
     D:3: 832 daAuts
     D:2: 768 daAuts
     D:1: 706 daAuts
